 Dungeon Sprint DCSS version 0.30-a0-652-gcc886f7154 (webtiles) character file.

Game seed: 3807181586871493221

2287 BigDaddyOpFi the Cleaver (level 9, -6/93 HPs)
             Began as a Hill Orc Fighter on Jan 17, 2023.
             Was a Priest of Qazlal.
             Mangled by a boulder beetle (19 damage)
             ... in the Dungeon (Sprint IX: "|||||||||||||||||||||||||||||").
             The game lasted 00:01:19 (624 turns).

BigDaddyOpFi the Cleaver (Hill Orc Fighter)          Turns: 624, Time: 00:01:20

Health: -6/93      AC: 14    Str: 23    XL:     9   Next: 39%
Magic:  9/9        EV:  9    Int: 11    God:    Qazlal [***...]
Gold:   0          SH: 10    Dex: 10    Spells: 8/8 levels left

rFire   . . .      SeeInvis .    o - +1 broad axe (freeze)
rCold   . . .      Faith    .    c - +0 buckler
rNeg    . . .      Spirit   .    b - +0 scale mail
rPois   .          Reflect  .    f - +0 helmet
rElec   .          Harm     .    a - +0 cloak
rCorr   .          Rampage  .    (no gloves)
Will    .....      NoTele   +    (no boots) Stlth
                                 (no amulet)
HPRegen 0.35/turn                p - +2 ring of protection
MPRegen 0.11/turn                q - +3 ring of intelligence

@: no status effects
A: no striking features
a: Renounce Religion, Upheaval, Elemental Force


You were in the Dungeon.
You worshipped Qazlal.
Qazlal was most pleased with you.
You visited 1 branch

Inventory:

Hand Weapons
 o - a +1 broad axe of freezing (weapon)
Armour
 a - a +0 cloak (worn)
 b - a +0 scale mail (worn)
 c - a +0 buckler (worn)
 f - a +0 helmet (worn)
Jewellery
 p - a +2 ring of protection (left hand)
 q - a +3 ring of intelligence (right hand)
Wands
 n - a wand of light (5) (quivered)
Scrolls
 j - 2 scrolls of blinking
 m - 2 scrolls of amnesia
Potions
 d - a potion of might
 e - 5 potions of curing
 g - a potion of haste
 h - 4 potions of magic
 i - a potion of berserk rage
 k - a potion of invisibility


   Skills:
 + Level 13.0 Fighting
 + Level 13.8 Axes
 + Level 12.0 Armour
 + Level 12.0 Shields


You had 8 spell levels left.
You didn't know any spells.
Your spell library was empty.

Dungeon Overview and Level Annotations

Branches:
Dungeon (1/1)

Altars:
Cheibriados
Dithmenos
Elyvilon
Fedhas
Gozag
Hepliaklqana
Kikubaaqudgha
Makhleb
Nemelex Xobeh
Okawaru
Qazlal
Ru
Sif Muna
Trog
Uskayaw
Vehumet
Wu Jian
Xom
Yredelemnul
Zin
The Shining One
Beogh
Jiyva
Lugonu


Message History

Your Armour skill increases to level 12!
Your Shields skill increases to level 12!
You feel much better.
You feel sick.
You are no longer poisoned.
The boulder beetle closely misses you.
You feel much better. You block the boulder beetle's attack.
You barely miss the boulder beetle.
The boulder beetle is moderately wounded.
The boulder beetle bites you!
You hit the boulder beetle but do no damage.
The boulder beetle is moderately wounded.
The boulder beetle bites you.
Aiming: Bolt of Light
Press: ? - help, Q - select action, (/) - cycle Shift-Dir - straight line, f - boulder beetle
Aim: a boulder beetle (moderately wounded, 100% to hit)
The bolt of light hits the boulder beetle!
The boulder beetle is heavily wounded.
The boulder beetle is blinded.
The boulder beetle bites you but does no damage.
You hit the boulder beetle. You freeze the boulder beetle.
The boulder beetle is heavily wounded.
You completely miss the boulder beetle.
The boulder beetle is heavily wounded.
You hit the boulder beetle but do no damage.
The boulder beetle is heavily wounded.
The boulder beetle bites you.
You hit the boulder beetle but do no damage.
The boulder beetle is heavily wounded.
You block the boulder beetle's attack.
You hit the boulder beetle but do no damage.
The boulder beetle is heavily wounded.
The boulder beetle bites you!!
* * * LOW HITPOINT WARNING * * *
You slash the boulder beetle! You freeze the boulder beetle.
The boulder beetle is almost dead.
The boulder beetle barely misses you.
You hit the boulder beetle. You freeze the boulder beetle.
The boulder beetle is almost dead.
The boulder beetle bites you!!
You die...

▓÷▓
▓)▓
▓)▓
▓.▓
▓.▓
▓.▓
▓.▓
▓B▓
▓@▓
▓)▓
▓.▓
▓.▓
▓.▓
▓.▓
▓+▓


You could see a boulder beetle (blind).

Vanquished Creatures
  A centaur warrior (D)
  A cyclops (D)
  A gargoyle (D)
  An unseen horror (D)
  A kobold demonologist (D)
  A meliai (shapeshifter) (D)
  A hornet (D)
  2 yaks (D)
  A kobold brigand (D)
  An orc wizard (D)
  A gnoll (D)
  3 adders (D)
  A shadow imp (D)
  A ball python (D)
  2 bats (D)
  A frilled lizard (D)
  A goblin (D)
21 creatures vanquished.

Notes
Turn   | Place    | Note
-------+----------+-------------------------------------------
     0 | D        | BigDaddyOpFi the Hill Orc Fighter began the quest for the
                  | Orb.
     0 | D        | Reached XP level 1. HP: 19/19 MP: 1/1
    21 | D        | Reached XP level 2. HP: 28/28 MP: 2/2
    26 | D        | Reached skill level 5 in Fighting
    26 | D        | Reached XP level 3. HP: 36/36 MP: 3/3
    35 | D        | Reached skill level 5 in Axes
    48 | D        | Reached skill level 5 in Armour
    48 | D        | Reached skill level 5 in Shields
   318 | D        | Found a roughly hewn altar of Beogh.
   318 | D        | Found a snail-covered altar of Cheibriados.
   318 | D        | Found a shadowy altar of Dithmenos.
   318 | D        | Found a white marble altar of Elyvilon.
   318 | D        | Found a blossoming altar of Fedhas.
   318 | D        | Found an opulent altar of Gozag.
   319 | D        | Found a hazy altar of Hepliaklqana.
   320 | D        | Found a viscous altar of Jiyva.
   321 | D        | Found an ancient bone altar of Kikubaaqudgha.
   322 | D        | Found a corrupted altar of Lugonu.
   323 | D        | Found a burning altar of Makhleb.
   324 | D        | Found a sparkling altar of Nemelex Xobeh.
   325 | D        | Found an iron altar of Okawaru.
   326 | D        | Found a stormy altar of Qazlal.
   327 | D        | Found a sacrificial altar of Ru.
   328 | D        | Found a shimmering blue altar of Sif Muna.
   329 | D        | Found a bloodstained altar of Trog.
   330 | D        | Found a hide-covered altar of Uskayaw.
   331 | D        | Found a radiant altar of Vehumet.
   332 | D        | Found an ornate altar of the Wu Jian Council.
   333 | D        | Found a shimmering altar of Xom.
   334 | D        | Became a worshipper of Qazlal Stormbringer
   335 | D        | Found a basalt altar of Yredelemnul.
   336 | D        | Found a glowing silver altar of Zin.
   337 | D        | Found a glowing golden altar of the Shining One.
   379 | D        | Noticed a yak
   379 | D        | Noticed a hornet
   379 | D        | Noticed a yak
   379 | D        | Noticed a kobold brigand
   385 | D        | Killed a yak
   386 | D        | Reached XP level 4. HP: 42/47 MP: 4/4
   386 | D        | Reached XP level 5. HP: 47/52 MP: 5/5
   389 | D        | Killed an unseen horror
   389 | D        | Reached * piety under Qazlal
   390 | D        | Reached XP level 6. HP: 56/64 MP: 6/6
   390 | D        | Reached XP level 7. HP: 61/70 MP: 7/7
   390 | D        | Paralysed by a hornet for 2 turns
   394 | D        | Killed a hornet
   395 | D        | Reached skill level 10 in Fighting
   395 | D        | Reached skill level 10 in Axes
   395 | D        | Killed a yak
   400 | D        | Reached ** piety under Qazlal
   582 | D        | Noticed a kobold demonologist
   582 | D        | Noticed a centaur warrior
   582 | D        | Noticed a boulder beetle
   582 | D        | Noticed a queen bee
   582 | D        | Noticed a cyclops
   582 | D        | Noticed a gargoyle
   586 | D        | Killed a kobold demonologist
   587 | D        | Reached skill level 10 in Armour
   587 | D        | Reached skill level 10 in Shields
   587 | D        | Reached XP level 8. HP: 78/82 MP: 8/8
   596 | D        | Killed a centaur warrior
   599 | D        | a queen bee changed into a meliai
   599 | D        | Noticed a meliai (shapeshifter)
   605 | D        | Killed a meliai
   606 | D        | Reached XP level 9. HP: 38/91 MP: 9/9
   609 | D        | Killed a cyclops
   609 | D        | Reached *** piety under Qazlal
   612 | D        | Killed a gargoyle
   612 | D        | HP: 2/92 [boulder beetle (11)]
   624 | D        | Mangled by a boulder beetle

Illustrated notes

Levels and vault maps discovered:
D:        linesprint [early_d, line_temple, items_1, d_10, items_2, lair_1,
          lair_end, items_3, orc_1, orc_end, items_4, d_15, swamp_1, shoals_1,
          snake_1, spider_1, d_20, vaults_1, items_5, swamp_end, shoals_end,
          snake_end, spider_end, vaults_end, d_27, items_6, zot_1, zot_end,
          crypt_end, forest_end, elf_end, slime_end, tomb_end, abyss_end,
          pan_hell_end]

Skill      XL: |  1  2  3  4  5  6  7  8  9 |
---------------+----------------------------+-----
Axes           | 4 7 9 11 13 | 13.8
Fighting       | 4 5 7 9 11 12 13 | 13.0
Armour         | 4 6 8 10 11 12 | 12.0
Shields        | 4 6 8 10 11 12 | 12.0

Action                   |  1- 3 |  4- 6 |  7- 9 || total
-------------------------+-------+-------+-------++-------
Melee: War axe           |    36 |       |       ||    36
       Broad axe         |     5 |     3 |    43 ||    51
Evoke: Wand              |     1 |       |     4 ||     5
  Use: Potion            |     1 |       |     2 ||     3
 Stab: Invisible         |       |       |     3 ||     3
Armor: Scale mail        |    20 |     2 |    21 ||    43
Dodge: Dodged            |    24 |       |    22 ||    46
Block: Buckler           |     7 |     1 |    23 ||    31

Table legend: (Time is in decaauts)
 A = Elapsed time spent in this place.
 B = Non-inter-level travel time spent in this place.
 C = Inter-level travel time spent in this place.
 D = Time resting spent in this place.
 E = Time spent auto-exploring this place.
 F = Levels seen in this place.
 G = Mean time per level.
                   A        B        C        D        E       F      G
               +--------+--------+--------+--------+--------+-----+--------+
         Total |    638 |    638 |      0 |    433 |      0 |   1 |  638.0 |
       Dungeon |    638 |    638 |      0 |    433 |      0 |   1 |  638.0 |
               +--------+--------+--------+--------+--------+-----+--------+

Top non-repeatable levels by time:
       D: 638 daAuts
